[Event "14th Danzhou Super GM 2023"]
[Site "Danzhou"]
[Date "2023.11.17"]
[Round "3.2"]
[White "Ma, Qun"]
[Black "Xu, Xiangyu"]
[Result "1/2-1/2"]
[ECO "B33"]
[WhiteElo "2653"]
[BlackElo "2623"]
[Annotator "TA"]
[PlyCount "108"]
[EventDate "2023.11.17"]
[EventCountry "CHN"]
[SourceTitle "playchess.com"]
[Source "ChessBase"]
[SourceQuality "1"]
[TimeControl "2700+10"]

1. e4 c5 2. Nf3 Nc6 3. d4 cxd4 4. Nxd4 Nf6 5. Nc3 e5 6. Ndb5 d6 7. Bg5 a6 8. Na3 b5 9. Nd5 Be7 10. Bxf6 Bxf6 11. c4 b4 12. Nc2 a5 13. h4 {[%emt 0:00:47] B33: Sicilian: Pelikan and Sveshnikov Variations.} O-O 14. g3 Be6 15. Bh3 Ra7 16. Kf1 Be7 17. Kg2 {[%emt 0:00:24] [#]} Qb8 $146 ({Predecessor:} 17... Qc8 18. Qd3 Bd8 19. Rad1 g6 20. a3 Bxh3+ 21. Rxh3 f5 22. exf5 b3 23. Qxb3 Qxf5 {½-½ Strautins,U (2452)-Shablinsky,M (2439) ICCF izt 05 email 2008}) 18. Qf3 a4 19. b3 Bxd5 ({Better is} 19... Bd8 $11) 20. cxd5 $14 Nd4 21. Nxd4 exd4 {[%emt 0:00:02] Black is weak on the light squares} 22. Rac1 axb3 23. axb3 (23. Qxb3 Ra3 24. Qc4 Qb6 $11) 23... Qb5 24. Rc6 Ra6 25. Rhc1 Bf6 (25... d3 $16) 26. R1c4 Rd8 (26... h6 $16 27. Bg4 Rd8) 27. Rc7 $18 Raa8 28. g4 {[%emt 0:02:24][%cal Bg3g4,Bg4g5][%mdl 32] Strongly threatening g5.} Rf8 29. g5 Be5 (29... Bd8 {was worth a try.}) 30. h5 $2 (30. Re7 $1 $18) 30... Qe8 $16 31. Bf5 $1 {[%emt 0:03:13][%cal Of3g4] Black must now prevent Qg4! White is much more active.} (31. Rxb4 Qd8 32. Rbb7 Qxg5+ 33. Qg4 Qh6 $17) 31... g6 $2 (31... Kh8 $14) 32. hxg6 $1 $18 hxg6 {[%emt 0:00:03] [#]} 33. Bh3 $2 (33. Qh3 $1 $18 {[%cal Of5g6] White wants to mate with Bxg6!} Qd8 34. Qh4) 33... Qd8 (33... Bg7 $15) 34. Qg4 $11 d3 35. Rd7 $1 Qb6 {[%emt 0:00:12] aiming for ...d2.} 36. Qf3 d2 $36 {[%emt 0:00:08][%mdl 2048] Black has good play.} 37. Rcc7 {[%emt 0:00:26] Repels Ra7} Rad8 38. Re7 (38. Rxf7 $2 Qxc7 $19) 38... Rde8 39. Red7 (39. Rxf7 $2 Qxc7 40. Rxf8+ Rxf8 $19) (39. Rb7 Qd8 40. Rxe8 Qxe8 $17) 39... Rd8 {[%emt 0:00:16] ...Rxd7 is the strong threat.} 40. Re7 (40. Rxf7 $2 {perishes.} Qxc7 41. Rf6 Bxf6 42. gxf6 Rxf6 43. Qxf6 d1=Q $19) 40... Rde8 {[%emt 0:00:02] ...Rxe7 would be deadly.} 41. Rb7 (41. Rxf7 $2 {loses.} Qxc7 42. Rxc7 Rxf3 $19) (41. Red7 $1 $11 {and White stays safe.}) 41... Qd8 $19 42. Rxf7 (42. Rxe8 {was forced.} Qxe8 43. Bg4) 42... Qxg5+ 43. Bg4 {[%emt 0:00:07] [#]} d1=Q $2 44. Rxf8+ $15 Rxf8 45. Qxd1 Qh4 46. Be6+ Kh8 47. Rf7 (47. Qh1 $2 {leads to mate.} Rxf2+ 48. Kg1 Bh2+) 47... Qh2+ (47... Qxe4+ $2 48. f3 Rxf7 49. fxe4 $18) 48. Kf1 Qh1+ 49. Ke2 Qxe4+ 50. Kf1 Rxf7 51. Bxf7 Bd4 (51... Qh1+ $15 52. Ke2 Qh5+ {[%mdl 64] Skewer} 53. f3 Kg7) 52. Bxg6 $11 {[%emt 0:00:30][%mdl 64] Deflection. The position is equal.} Qh1+ 53. Ke2 Qxd1+ 54. Kxd1 Bxf2 {[%emt 0:00:02] What a bad dream for Black. An exciting game.   Weighted Error Value: White=0.25 (precise) /Black=0.27 (precise)} 1/2-1/2

[Event "14th Danzhou Super GM 2023"]
[Site "Danzhou"]
[Date "2023.11.17"]
[Round "3.3"]
[White "Tan, Zhongyi"]
[Black "Jumabayev, Rinat"]
[Result "1-0"]
[ECO "E36"]
[WhiteElo "2513"]
[BlackElo "2588"]
[Annotator "RC"]
[PlyCount "87"]
[EventDate "2023.11.17"]
[EventCountry "CHN"]
[SourceTitle "playchess.com"]
[Source "ChessBase"]
[SourceQuality "1"]
[TimeControl "2700+10"]

1. d4 Nf6 2. c4 e6 3. Nc3 Bb4 4. Qc2 d5 5. Nf3 O-O 6. a3 Bxc3+ 7. Qxc3 Nbd7 8. Bg5 h6 9. Bh4 b6 10. cxd5 exd5 11. e3 Bb7 12. Bd3 c5 13. O-O Qc7 14. dxc5 bxc5 15. b4 Ne4 16. Bxe4 dxe4 17. Nd4 Qe5 18. bxc5 Nxc5 19. Bg3 Qd5 20. Nb5 Rad8 21. Nc7 Qf5 22. Rab1 a6 23. Be5 Na4 24. Qa1 f6 25. Bd4 Bc6 26. Rfc1 Bb5 27. Qa2+ Rf7 28. Nxb5 axb5 29. Qb3 Rd5 30. Qb4 Kh7 31. Rc6 Qg6 32. Rbc1 Rg5 33. g3 Qh5 34. Qd6 Qf3 35. Qe6 Rf5 36. Rf1 Kg6 37. Qe8 Qe2 38. Qxe4 h5 39. h3 Qf3 40. Qxf3 Rxf3 41. Kg2 Rf5 42. e4 Rg5 43. f4 Rd7 44. Bf2 1-0

[Event "14th Danzhou Super GM 2023"]
[Site "Danzhou"]
[Date "2023.11.17"]
[Round "3.4"]
[White "Cheparinov, Ivan"]
[Black "Liu, Yan"]
[Result "1/2-1/2"]
[ECO "C43"]
[WhiteElo "2649"]
[BlackElo "2579"]
[Annotator "TA"]
[PlyCount "70"]
[EventDate "2023.11.17"]
[EventCountry "CHN"]
[SourceTitle "playchess.com"]
[Source "ChessBase"]
[SourceQuality "1"]
[TimeControl "2700+10"]

1. e4 e5 2. Nf3 Nf6 3. d4 Nxe4 4. Bd3 d5 5. Nxe5 Nd7 6. Nc3 Nxc3 7. bxc3 Bd6 8. O-O O-O 9. Re1 c5 $1 {[%emt 0:00:45] 9...c5 scores better than 9...Bxe5. C43: Petroff Defence: 3 d4.} 10. Qf3 c4 11. Bf5 (11. Qxd5 Nb6 12. Bxh7+ Kxh7 $19) 11... Nxe5 12. dxe5 Re8 13. Bxc8 (13. Qxd5 $2 {perishes.} Bxf5 14. Bf4 Ba3 15. Qxc4 Bb2 $19) 13... Rxc8 14. Bg5 Be7 {[%emt 0:00:32] [#]} 15. e6 $1 fxe6 {[%emt 0:00:17] [#]} (15... f6 $5 16. Bf4 Bf8 $11) 16. Rxe6 $1 {[%emt 0:00:02] Black must now prevent Rae1.} Bxg5 17. Rxe8+ Qxe8 18. Qxd5+ Kh8 {[%emt 0:00:09] Hoping for ...Qe7.} 19. Qxg5 $11 {[%emt 0:00:03][%mdl 4096] Endgame KQR-KQR} Qe2 20. Qf5 Rd8 {[%emt 0:06:12] [#] ( -> ...Rd1+)} 21. h4 $146 ({Predecessor:} 21. h3 h6 22. a4 b6 23. Qg4 Qxg4 24. hxg4 Rd2 25. Rc1 Kg8 26. Kf1 Kf7 27. Ke1 {½-½ Nepomniachtchi,I (2773)-Dominguez Perez,L (2753) Bucharest Superbet Classic 2nd 2022 (3)}) 21... h6 22. Rb1 b6 {[%emt 0:01:05] The position is equal.} 23. a4 Rd2 24. Rc1 Kg8 25. g3 Rd6 26. Qf4 Rf6 27. Qd4 Rf3 28. a5 bxa5 29. Rb1 {[%emt 0:00:02] Threatens to win with Rb8+.} Rf7 30. Ra1 Qxc2 31. Rxa5 Qb1+ 32. Kg2 Qb7+ $1 33. Qd5 Qb2 $1 34. Qd4 (34. Rxa7 $2 {is the wrong capture.} Qxf2+ 35. Kh3 Qxa7 $19) 34... Qb7+ 35. Qd5 Qb2 $1 {[%emt 0:00:01][%csl LRc3,LRf2] An interesting draw.   Weighted Error Value: White=0.05 (flawless) /Black=0.03 (flawless)} 1/2-1/2

[Event "14th Danzhou Super GM 2023"]
[Site "Danzhou"]
[Date "2023.11.17"]
[Round "4.1"]
[White "Bu, Xiangzhi"]
[Black "Liu, Yan"]
[Result "1/2-1/2"]
[ECO "D00"]
[WhiteElo "2677"]
[BlackElo "2579"]
[Annotator "TA"]
[PlyCount "62"]
[EventDate "2023.11.17"]
[EventCountry "CHN"]
[SourceTitle "playchess.com"]
[Source "ChessBase"]
[SourceQuality "1"]
[TimeControl "2700+10"]

1. d4 Nf6 2. Bg5 d5 3. Nd2 c5 4. Bxf6 gxf6 5. dxc5 e6 6. e4 {[%emt 0:00:11] D00: 1 d4 d5: Unusual lines.} Nc6 {[%emt 0:04:31] [#]} 7. Ngf3 $146 ({Predecessor:} 7. Ne2 f5 8. exf5 Bxc5 9. Nb3 Bb6 10. Nf4 Qf6 11. Be2 Qxf5 12. Qd2 e5 13. Nd3 {0-1 Matuszewski,M (2508)-Harikrishna,P (2732) POL-chT Ekstraliga 2020 (3.2)}) 7... Bxc5 {[%emt 0:01:00] next ...Qb6 is good for Black.} 8. exd5 {[%emt 0:06:28] The position is equal.} Qxd5 9. Nc4 Qxd1+ 10. Rxd1 Ke7 11. c3 b5 (11... a6 {looks sharper.} 12. b4 Ba7 13. a4 Rd8) 12. Ncd2 a6 (12... b4 {is interesting.} 13. Ne4 Bb6 14. Bb5 Ne5) 13. b4 Bb6 14. a4 bxa4 15. Ra1 Bd7 16. Rxa4 Ne5 17. Rxa6 Nxf3+ 18. Nxf3 ({Better is} 18. gxf3 $15 Rxa6 19. Bxa6) 18... Rxa6 $17 19. Bxa6 Ra8 20. Be2 Ra1+ {[%emt 0:03:17][%mdl 1024] Black has strong compensation.} 21. Bd1 Ba4 22. Kd2 Ra2+ 23. Kc1 $1 {[%emt 0:00:10] [#] Kb1 is the strong threat.} ({Not} 23. Kd3 $2 Bb5+ 24. c4 Ra3+ 25. Kc2 Bxc4 $19) 23... Ra1+ (23... Bxf2 $2 24. Kb1 Bxd1 25. Kxa2 $18) 24. Kd2 Bxf2 25. Rf1 Ba7 {[%emt 0:00:10] White must now prevent ...Ra2+. A strong pair of Bishops.} 26. c4 $1 Rb1 27. b5 Bc5 (27... Bb3 $15 28. Be2 Rb2+ {[%mdl 64] Deflection} 29. Kc3 Rxe2 30. Kxb3 Rxg2) 28. Ke2 $11 Rb2+ 29. Nd2 ({White should play} 29. Kd3 $11 Bxd1 30. Rxd1) 29... Bb4 {[%emt 0:00:10] Black is slightly better.} 30. Bxa4 {[%emt 0:00:10] [#] And now Rd1 would win.} Rxd2+ 31. Kf3 Bc5 {[%emt 0:00:10] Weighted Error Value: White=0.09 (flawless) /Black=0.12 (very precise)} 1/2-1/2

[Event "14th Danzhou Super GM 2023"]
[Site "Danzhou"]
[Date "2023.11.17"]
[Round "4.2"]
[White "Jumabayev, Rinat"]
[Black "Cheparinov, Ivan"]
[Result "1-0"]
[ECO "A13"]
[WhiteElo "2588"]
[BlackElo "2649"]
[Annotator "TA"]
[PlyCount "69"]
[EventDate "2023.11.17"]
[EventCountry "CHN"]
[SourceTitle "playchess.com"]
[Source "ChessBase"]
[SourceQuality "1"]
[TimeControl "2700+10"]

1. Nf3 d5 2. g3 Nf6 3. Bg2 c5 4. O-O e6 5. c4 d4 6. e3 Nc6 7. exd4 cxd4 8. d3 Bd6 {[%emt 0:01:37] A13: English Opening: 1...e6.} 9. Re1 O-O 10. Na3 Re8 {[%emt 0:01:17] The position is equal.} 11. Nc2 e5 {[%emt 0:00:04] [#]} 12. b4 $1 a6 (12... Nxb4 13. Nxb4 Bxb4 14. Rxe5 $14) (12... Bg4 13. b5) 13. Rb1 h6 14. a4 {[%emt 0:00:26] [#]} Bc7 $146 (14... Bg4 $11) ({Predecessor:} 14... Bg4 15. h3 Bh5 16. g4 Bg6 17. Nh4 Ne4 18. Bxe4 Qxh4 19. Qf3 Rad8 20. b5 axb5 21. axb5 {1-0 Tomilova,E (2298)-Kovanova,B (2373) RUS-ch Higher League (Women) 67th 2017 (3)}) 15. b5 $14 Na5 16. c5 axb5 17. axb5 Nd5 {[%emt 0:00:15] [#] A mistake that costs the game.} (17... Bg4 $14) 18. Bd2 $1 $18 Nc3 19. Bxc3 dxc3 20. Re3 Qd5 (20... Bd7 {was worth a try.} 21. Qe1 Rc8) 21. d4 e4 22. Nfe1 f5 23. Rxc3 {[%emt 0:00:37] Black must now prevent b6.} f4 $2 (23... b6 24. f3 Qf7) 24. b6 Bb8 25. Ra1 {[%emt 0:00:09] Threatens to win with Rca3.} Qf5 (25... h5 $142 26. Rca3 Bg4) 26. Rca3 {[%emt 0:00:41] White is clearly winning.} Rf8 (26... h5 $142 27. Rxa5 Rxa5) 27. Rxa5 Rxa5 28. Rxa5 fxg3 29. fxg3 Qf2+ 30. Kh1 Bxg3 31. hxg3 Qxg3 32. Qe2 (32. Bxe4 $2 Rf1#) 32... Bg4 33. Qe3 ({And not} 33. Qxe4 Qh4+ 34. Kg1 Qf2+ 35. Kh2 Qh4+ 36. Kg1 Qf2+ 37. Kh2 Qh4+ 38. Kg1 $11) ({Not} 33. Qc4+ Kh8 $16) 33... Bf3 34. Kg1 Qg4 {[%emt 0:00:29] [#]} 35. c6 $1 {[%emt 0:01:42] Weighted Error Value: White=0.13 (very precise) /Black=0.60} 1-0

[Event "14th Danzhou Super GM 2023"]
[Site "Danzhou"]
[Date "2023.11.17"]
[Round "4.3"]
[White "Xu, Xiangyu"]
[Black "Tan, Zhongyi"]
[Result "1/2-1/2"]
[ECO "E52"]
[WhiteElo "2623"]
[BlackElo "2513"]
[Annotator "TA"]
[PlyCount "101"]
[EventDate "2023.11.17"]
[EventCountry "CHN"]
[SourceTitle "playchess.com"]
[Source "ChessBase"]
[SourceQuality "1"]
[TimeControl "2700+10"]

1. d4 d5 2. c4 e6 3. Nc3 Bb4 4. Nf3 Nf6 5. e3 O-O 6. Bd2 b6 7. cxd5 exd5 8. Bd3 Bd6 9. O-O Bb7 10. Qb1 {[%emt 0:00:18] is the new trend. E52: Nimzo-Indian: Rubinstein: 4...0-0 5 Nf3 d5 6 Bd3 b6.} a5 11. Nb5 Be7 12. Ne5 {[%emt 0:00:44] [#]} c6 $146 ({Predecessor:} 12... Na6 13. f3 g6 14. Qd1 Nd7 15. f4 Nxe5 16. fxe5 c5 17. Qg4 Bc6 18. Nc3 Nb4 {½-½ Reede,A (2042)-Pedmanson,H EST-ch 47 email 2016}) 13. Nc3 c5 14. Bb5 Qd6 15. Rd1 Nc6 16. Bxc6 Bxc6 17. Nxc6 Qxc6 18. dxc5 bxc5 19. a4 Rfd8 20. Nb5 Ne4 21. Qc2 Nxd2 22. Rxd2 Rd7 23. b3 Rad8 24. Rad1 g6 25. h3 Qb6 26. Rd3 Bf6 27. e4 d4 28. Na3 Qc6 29. f3 Be5 30. Nc4 Bc7 31. Qd2 Ra8 32. Qg5 f6 33. Qd2 Re7 34. Rc1 Rae8 35. Kf1 f5 (35... Qa6 $17 36. Kg1 f5) 36. e5 $1 $11 Bxe5 37. Nxe5 {[%emt 0:00:07][%mdl 64] Remove Defender} Rxe5 38. Rxd4 Qe6 (38... Re2 $11 {keeps the balance.} 39. Qxa5 Qf6 40. Qxc5 (40. Rd2 $2 Qe7 $19) 40... Qg5 41. Qc4+ (41. Rg4 $2 Qd2 $19) 41... Kf8 42. Qc5+ R8e7) 39. Rd8 $16 Qxb3 {[%emt 0:00:25] [#]} (39... Rxd8 $14 40. Qxd8+ Kf7) 40. Qxa5 (40. Rxc5 $1 $16 Qb1+ 41. Kf2) 40... Qa3 {[%emt 0:12:07] [#]} (40... Kf7 $11 {remains equal.}) 41. Rcd1 ({Only move:} 41. Rxc5 $1 $16 Re2 42. Rxe8+ Rxe8 43. Kg1) 41... Qb4 $36 {[%emt 0:00:18][%mdl 2048] Black fights for an advantage. The position is equal.} ({Don't take} 41... Qe3 42. Rxe8+ Rxe8 43. Qb5 $14) 42. Qb5 Re1+ 43. Kf2 Qxb5 44. axb5 {[%emt 0:00:08] aiming for b6.} Rxd1 45. Rxd1 {[%emt 0:00:44][%mdl 4096] Endgame Hoping for Rd5. KR-KR} c4 46. Re1 Rc8 47. Ke2 {[%emt 0:00:18] Kd2 would be deadly.} Rc5 48. Rb1 c3 49. b6 {[%emt 0:00:07] Threatens to win with b7.} c2 50. Rc1 Rb5 51. Rxc2 {[%emt 0:00:02] Weighted Error Value: White=0.14 (very precise) /Black=0.16 (very precise)} 1/2-1/2

[Event "14th Danzhou Super GM 2023"]
[Site "Danzhou"]
[Date "2023.11.17"]
[Round "4.4"]
[White "Bai, Jinshi"]
[Black "Ma, Qun"]
[Result "1-0"]
[ECO "D11"]
[WhiteElo "2585"]
[BlackElo "2653"]
[Annotator "TA"]
[PlyCount "63"]
[EventDate "2023.11.17"]
[EventCountry "CHN"]
[SourceTitle "playchess.com"]
[Source "ChessBase"]
[SourceQuality "1"]
[TimeControl "2700+10"]

1. d4 d5 2. Nf3 Nf6 3. g3 c6 4. c4 dxc4 5. Bg2 b5 6. a4 {[%emt 0:03:56] Black must now prevent axb5. D11: Slav Defence: 3 Nf3 sidelines and 3...Nf6 4 e3 Bg4.} Bb7 7. b3 (7. Ne5 $5 Qc8 8. O-O $11) 7... cxb3 (7... b4 $1 $15 8. bxc4 c5) 8. Qxb3 $11 {[%emt 0:00:12] aiming for Ne5. The position is equal.} a6 9. Ba3 e6 10. Bxf8 Kxf8 11. O-O Nbd7 12. Nc3 (12. Nbd2 $14) 12... g6 {[%emt 0:00:03] [#]} 13. Ne5 $5 $146 {[%emt 0:04:33][%mdl 8] New and interesting.} ({Predecessor:} 13. e4 Kg7 14. e5 Ne8 15. Ne4 Qe7 16. Rfc1 Rd8 17. Qe3 h6 18. Nfd2 Nb6 19. Nc5 {0-1 Schebler,G (2478)-Gustafsson,J (2571) Internet Section 10A g/8'+2" blitz 2004 (5)}) 13... Kg7 14. Bxc6 ({Reject} 14. Nxc6 Qb6 15. axb5 axb5 16. Qxb5 Rhc8 $11) 14... Bxc6 15. Nxc6 bxa4 16. Nxa4 Qc7 17. Rfc1 Rhc8 {[%emt 0:00:49] [#]} (17... Qd6 $11) 18. Qa3 $1 $16 {[%emt 0:00:44] Threatens to win with Ne7.} Qb7 (18... Re8 $142) 19. Rab1 Qb5 20. Nb6 Qxe2 21. Nxc8 Rxc8 22. Qe3 $36 {[%emt 0:00:09][%mdl 2048] Keeping Black busy.} Qh5 23. Ne5 Rd8 (23... Nd5 $142 24. Qf3 Rxc1+ 25. Rxc1 Qxf3 26. Nxf3 N7b6) 24. Rb7 $18 Nxe5 25. Qxe5 Qf3 26. Rcc7 Rf8 27. Qxe6 {[%emt 0:00:30][%cal Rc7f7] Active counter play!} Ne4 28. Qe5+ (28. Qxa6 $2 {loses.} Qxf2+ 29. Kh1 Ng5 $19) 28... Kg8 29. Qf4 ({Not} 29. Rb2 Qd1+ 30. Kg2 Nd2 31. Rxd2 Qxd2 $14) 29... Qd1+ {[%emt 0:00:09] [#]} (29... Qxf4 30. gxf4 Nd6) 30. Kg2 Nd2 31. h4 (31. Rxf7 $2 Qf1#) 31... Qf1+ 32. Kh2 {[%emt 0:00:02] Excellently played by Bai!   Weighted Error Value: White=0.07 (flawless) /Black=0.38} 1-0

[Event "14th Danzhou Super GM 2023"]
[Site "Danzhou"]
[Date "2023.11.19"]
[Round "5.1"]
[White "Ma, Qun"]
[Black "Bu, Xiangzhi"]
[Result "1-0"]
[ECO "C47"]
[WhiteElo "2653"]
[BlackElo "2677"]
[Annotator "TA"]
[PlyCount "101"]
[EventDate "2023.11.17"]
[EventCountry "CHN"]
[SourceTitle "playchess.com"]
[Source "ChessBase"]
[SourceQuality "1"]
[TimeControl "2700+10"]

1. e4 e5 2. Nf3 Nc6 3. Nc3 Nf6 4. d4 exd4 5. Nxd4 Bb4 6. Nxc6 bxc6 7. Bd3 d5 8. exd5 O-O {[%emt 0:00:02] C47: Scotch Four Knights and Four Knights with 4 g3.} ({Don't take} 8... Nxd5 9. O-O $14) 9. O-O Bg4 10. Be2 Bxe2 {[%emt 0:00:58] The position is equal.} 11. Nxe2 cxd5 12. Bg5 Re8 13. Ng3 Re5 14. Bf4 Re6 {[%emt 0:00:03] [#]} 15. Qd3 $146 ({Predecessor:} 15. Bg5 h6 16. Bxf6 Rxf6 17. Qd3 c6 18. c4 Rb8 19. cxd5 Qxd5 20. Qc2 Rf4 21. b3 {½-½ Lugovskoy,M (2428)-Rakhmanov,A (2634) Khanty-Mansiysk Governor Cup 14th 2018 (8)}) 15... Bd6 16. Bxd6 Qxd6 17. c4 Qa6 18. Rfc1 Rae8 19. h3 c5 20. b3 d4 21. b4 {[%emt 0:01:48][%mdl 64] [#] Deflection} cxb4 22. Qxd4 Rd6 (22... g6 $11) 23. Qf4 Rde6 24. c5 Ne4 25. Nxe4 Rxe4 26. Qd2 Qc6 (26... Qf6 $5 ) 27. a3 a5 ({Black should try} 27... Qf6 $11 28. Qd6 R4e6) 28. axb4 $14 axb4 29. Rab1 $1 h6 30. Rxb4 Rxb4 31. Qxb4 $16 {[%emt 0:00:01][%mdl 4096] Endgame KQR-KQR} Rc8 32. Qc4 Rc7 33. h4 h5 34. Qe2 g6 35. Qe5 Kh7 36. Rc3 Rc8 37. Rf3 Kg8 38. Rd3 Kh7 39. Rd5 {[%emt 0:01:07] Qd4 would be deadly. White is more active.} Qe6 {[%emt 0:00:38] This costs Black the game.} ({Black should play} 39... Re8 $14 40. Qd4 Re1+ 41. Kh2 Qc7+ 42. Rd6 Rc1) 40. Qd4 $18 Re8 41. Rd7 $36 {[%emt 0:00:25][%cal Oc5c6][%mdl 2048] [#] And now c6! would win. White is really pushing.} Qf5 $2 (41... Kg8 42. Rd8 Rxd8 43. Qxd8+ Kg7) 42. c6 {[%emt 0:00:28][%cal Bc5c6,Bc6c7][%mdl 32] Black must now prevent c7.} Re1+ 43. Kh2 g5 44. c7 {[%emt 0:00:30] White mates.} Rc1 45. hxg5 Rc2 46. Rd8 f6 47. Rd7+ Kg6 48. gxf6 h4 49. Rg7+ Kh5 50. f7 Kh6 51. Rg8 {[%emt 0:00:10] Weighted Error Value: White=0.04 (flawless) /Black=0.21 (precise)} (51. Qxh4+ $2 {is the wrong capture.} Kxg7 52. Qe7 Qh5+ 53. Kg3 Qxf7 54. Qxf7+ Kxf7 $19) 1-0

[Event "14th Danzhou Super GM 2023"]
[Site "Danzhou"]
[Date "2023.11.19"]
[Round "5.2"]
[White "Tan, Zhongyi"]
[Black "Bai, Jinshi"]
[Result "1/2-1/2"]
[ECO "C47"]
[WhiteElo "2513"]
[BlackElo "2585"]
[Annotator "RC"]
[PlyCount "72"]
[EventDate "2023.11.17"]
[EventCountry "CHN"]
[SourceTitle "playchess.com"]
[Source "ChessBase"]
[SourceQuality "1"]
[TimeControl "2700+10"]

1. e4 e5 2. Nf3 Nc6 3. Nc3 Nf6 4. d4 exd4 5. Nxd4 Bb4 6. Nxc6 bxc6 7. Bd3 d5 8. exd5 O-O 9. O-O Bg4 10. f3 Bh5 11. dxc6 Qd4+ 12. Kh1 Bxc3 13. bxc3 Qxc3 14. Rb1 Bg6 15. Rb3 Qxc6 16. Bb5 Qxc2 17. Qxc2 Bxc2 18. Rc3 Rab8 19. a4 a6 20. Bc6 Bb3 21. Bf4 Bxa4 22. Bxa4 Rb4 23. Bb3 Rxf4 24. Rxc7 Rb4 25. Ba2 a5 26. Ra7 Ra4 27. Bb3 Rb4 28. Ba2 Ra4 29. Bb3 Ra3 30. Rb1 g5 31. h3 Kg7 32. Bc4 Ra4 33. Be6 Rb4 34. Rxb4 axb4 35. Bb3 h6 36. Rb7 Nh5 1/2-1/2

[Event "14th Danzhou Super GM 2023"]
[Site "Danzhou"]
[Date "2023.11.19"]
[Round "5.3"]
[White "Cheparinov, Ivan"]
[Black "Xu, Xiangyu"]
[Result "0-1"]
[ECO "B51"]
[WhiteElo "2649"]
[BlackElo "2623"]
[Annotator "TA"]
[PlyCount "80"]
[EventDate "2023.11.17"]
[EventCountry "CHN"]
[SourceTitle "playchess.com"]
[Source "ChessBase"]
[SourceQuality "1"]
[TimeControl "2700+10"]

1. e4 c5 2. Nf3 d6 3. Bb5+ Nc6 4. O-O Bd7 5. Re1 Nf6 6. h3 e6 {[%emt 0:01:44] B51: Sicilian: Moscow Variation (3 Bb5+) without 3...Bd7.} 7. c3 Ne5 8. Bf1 Nxf3+ {[%emt 0:02:03] The position is equal.} 9. Qxf3 Bc6 10. d4 Be7 11. dxc5 dxc5 12. Nd2 {[%emt 0:00:44] [#]} b5 $146 ({Predecessor:} 12... O-O 13. a4 Nxe4 14. Nxe4 f5 15. Bc4 Bxe4 16. Bxe6+ Kh8 17. Qh5 Qd6 18. Bc4 Rf6 {½-½ Perry,D (2503)-Pappier,C (2488) ICCF GMN/A/04 email 2020}) 13. a4 a6 14. Qg3 O-O (14... bxa4 15. Qxg7 Rg8 16. Qh6 $16) 15. e5 Nd7 16. Ne4 {[%emt 0:01:30] Bh6 would be deadly.} Kh8 17. Bf4 c4 18. Rad1 Bxe4 19. Rxe4 Qc7 20. axb5 axb5 21. Bg5 Nc5 22. Red4 f6 (22... Ra2 $5 ) 23. Bh4 Rfe8 24. exf6 Qxg3 25. Bxg3 Bxf6 26. Rd6 Na4 {[%emt 0:01:05] Prevents Rb6} (26... Ne4 $5 ) 27. R1d2 Rad8 28. Rc2 Rxd6 (28... e5 $5 29. Rxd8 Rxd8 $11) 29. Bxd6 Rd8 30. Bf4 ({White should play} 30. Ba3 $1 $11) 30... Rd1 $1 $15 31. g3 {[%emt 0:02:33] [#]} (31. g4 $1 $15) 31... Rb1 $1 $17 {[%emt 0:00:26] Black is more active.} 32. Re2 (32. Bc1 $17) 32... Kg8 $19 33. Rxe6 Rxb2 34. Re8+ Kf7 35. Rb8 {[%emt 0:00:01][%cal Ob8b5] [#]} Kg6 ({Don't play} 35... Bxc3 36. Rxb5 Nb6 37. Rxb2 Bxb2 38. Be3 $14) (35... Ke6 $1 $19 36. Kg2 Kd5) 36. Bg2 $2 {[%emt 0:00:18] This move loses the game for White.} ({But not} 36. Bc1 $2 Rb1 37. Be3 Nxc3 $19) (36. Kg2 $17) 36... Nxc3 {[%emt 0:00:05] Hoping for ...Ne2+.} ({Less strong is} 36... Bxc3 37. Rf8 Re2 38. Be3 Re1+ 39. Kh2 Rxe3 40. fxe3 $16) 37. Bf3 Bd4 {[%emt 0:01:31] Against Rb6+} 38. h4 $2 (38. Kh1) 38... Rxf2 {[%emt 0:00:26] Black is clearly winning.} 39. h5+ Kf7 40. Rb7+ Kf6 {[%emt 0:00:02] Weighted Error Value: White=0.41/Black=0.08 (flawless)} 0-1

[Event "14th Danzhou Super GM 2023"]
[Site "Danzhou"]
[Date "2023.11.19"]
[Round "5.4"]
[White "Liu, Yan"]
[Black "Jumabayev, Rinat"]
[Result "1-0"]
[ECO "A13"]
[WhiteElo "2579"]
[BlackElo "2588"]
[Annotator "RC"]
[PlyCount "83"]
[EventDate "2023.11.17"]
[EventCountry "CHN"]
[SourceTitle "playchess.com"]
[Source "ChessBase"]
[SourceQuality "1"]
[TimeControl "2700+10"]

1. c4 Nf6 2. g3 e6 3. Bg2 d5 4. Nf3 d4 5. d3 Bb4+ 6. Bd2 Be7 7. O-O O-O 8. e4 Nc6 9. e5 Nd7 10. Qe2 a5 11. Na3 Nc5 12. Nb5 Qd7 13. h4 Rd8 14. h5 h6 15. Rad1 Ra6 16. g4 Rf8 17. Bf4 b6 18. g5 hxg5 19. Nxg5 Bb7 20. Qg4 Raa8 21. Ne4 Kh8 22. Rfe1 Rg8 23. Bg3 Raf8 24. Qf4 Kh7 25. Kh2 Qd8 26. Rg1 Nd7 27. Nd2 Ndxe5 28. Nf3 Nxf3+ 29. Bxf3 f5 30. Qxc7 Qxc7 31. Bxc7 Bc5 32. Rde1 Rf6 33. Rg6 e5 34. Bd5 Re8 35. Reg1 Rxg6 36. hxg6+ Kh6 37. Bf7 Re7 38. f4 Kh5 39. Kh3 e4 40. Rg5+ Kh6 41. Kh4 Rxf7 42. gxf7 1-0